AoeStats
← visualfed

Black Forest

510119608Analyzed
3v3 RM · 24h ago on Sep 29, 2026· 63m 8s· 6 players
Game mode
Random Map
Map size
Normal (6 player)
Population
200
Speed
Normal
Resources
Standard
Victory
Conquest
Starting age
Dark Age
Ending age
Imperial Age
RankedLock teamsTeams togetherTeam positionsShared explorationLock speedFull tech treeHidden civsTurbo modeCheats
Victory
Defeat
🇮🇳 Burgundians · India
546
+8
🇬🇧 Wu · United Kingdom
540
+9
🇹🇷 Turks · Türkiye
490
+10
🇲🇽 Teutons · Mexico
381
-9
🇫🇷 Celts · France
365
-9
🇮🇹 Saracens · Italy
357
-9
philcorei5
0:49 Loom
19:14 Feudal Age
19:16 Man-at-Arms
21:19 Horse Collar
21:29 Double-Bit Axe
23:55 Wheelbarrow
23:18 Arson
26:50 Gold Mining
36:01 Castle Age
36:35 Forging
37:18 Husbandry
37:42 Crossbowman
37:43 Elite Skirmisher
37:47 Pikeman
37:47 Long Swordsman
38:14 Gambesons
38:35 Heavy Plow
40:05 Gold Shaft Mining
41:38 Iron Casting
45:19 Scale Mail Armor
45:10 Fletching
visualfed
0:43 Loom
19:46 Feudal Age
20:40 Stone Mining
21:14 Double-Bit Axe
21:43 Man-at-Arms
23:58 Wheelbarrow
30:59 Horse Collar
xPegasusOGx
16:00 Feudal Age
17:36 Wheelbarrow
16:49 Double-Bit Axe
22:18 Stone Mining
22:19 Gold Mining
28:10 Castle Age
26:14 Man-at-Arms
31:23 Bow Saw
32:18 Long Swordsman
34:21 Scale Mail Armor
34:32 Forging
35:07 Hand Cart
48:45 Imperial Age
48:49 Chain Mail Armor
49:10 Iron Casting
49:04 Fortified Wall
48:45 Guard Tower
51:08 Two-Handed Swordsman
52:00 Elite Teutonic Knight
KnightsTemplar
14:12 Feudal Age
14:42 Horse Collar
18:08 Loom
19:31 Wheelbarrow
18:41 Town Watch
21:35 Castle Age
20:14 Man-at-Arms
20:41 Arson
23:28 Squires
25:18 Scale Mail Armor
25:20 Padded Archer Armor
27:43 Long Swordsman
27:44 Pikeman
36:29 Hand Cart
36:55 Forging
36:52 Scale Barding Armor
38:06 Fervor
38:12 Treadmill Crane
38:09 Elite Skirmisher
38:47 Fletching
40:42 Atonement
40:53 Redemption
42:16 Town Watch
43:17 Crossbowman
44:29 Stone Mining
44:29 Gold Mining
47:50 Red Cliffs Tactics
53:31 Imperial Age
53:50 Murder Holes
54:16 Ballistics
53:48 Heated Shot
54:09 Masonry
54:08 Town Patrol
55:27 Conscription
56:34 Iron Casting
56:14 Chain Mail Armor
56:19 Chain Barding Armor
58:19 Chemistry
57:56 Two-Handed Swordsman
59:48 Sitting Tiger
61:07 Elite Fire Archer
Omer burak3514
0:40 Loom
14:15 Feudal Age
15:42 Town Watch
17:41 Double-Bit Axe
18:12 Horse Collar
24:36 Castle Age
24:16 Stone Mining
24:18 Gold Mining
26:33 Bow Saw
28:26 Murder Holes
28:54 Ballistics
30:55 Wheelbarrow
31:08 Heavy Plow
31:23 Squires
34:45 Imperial Age
33:11 Bloodlines
33:02 Husbandry
33:02 Fishing Lines
33:11 Fishing Lines
35:57 Hand Cart
35:52 Artillery
37:20 Elite Janissary
39:21 Hoardings
42:02 Forging
41:56 Padded Archer Armor
42:05 Scale Barding Armor
41:51 Fletching
42:12 Forging
42:03 Scale Mail Armor
FlatLlama112580
1:07 Loom
14:24 Feudal Age
22:53 Castle Age
23:45 Horse Collar
33:32 Wheelbarrow
32:45 Town Watch
32:48 Double-Bit Axe
32:58 Stone Mining
32:58 Gold Mining
34:49 Caravan
35:00 Guilds
35:22 Coinage
37:50 Imperial Age
36:52 Scale Barding Armor
36:48 Scale Mail Armor
36:59 Forging
36:39 Fletching
36:50 Padded Archer Armor
37:21 Bow Saw
37:29 Hand Cart
37:06 Fishing Lines
37:58 Town Patrol
39:36 Two-Man Saw
38:41 Heavy Plow
38:36 Gillnets
39:29 Stone Shaft Mining
39:29 Gold Shaft Mining
39:56 Banking
40:26 Crop Rotation
41:22 Chain Barding Armor
41:18 Chain Mail Armor
41:38 Iron Casting
41:00 Bodkin Arrow
41:21 Leather Archer Armor
41:15 Elite Coustillier
43:14 Hoardings
42:54 Burgundian Vineyards
43:55 Sappers
44:48 Conscription
47:04 Chemistry
46:00 Murder Holes
46:32 Ballistics
46:23 Fortified Wall
46:04 Guard Tower
46:01 Arrowslits
45:57 Treadmill Crane
46:28 Masonry
46:31 Careening
46:31 Clinker Construction
46:27 Siphons
48:02 Plate Barding Armor
47:58 Plate Mail Armor
48:29 Blast Furnace
47:30 Bracer
47:42 Onager
57:01 Spies/Treason
Connection lost

Rejoining the realm…

Still unreachable

The connection could not be restored.

Session expired

The server has moved on; the page needs a fresh start.